 Dungeon Crawl Stone Soup version 0.22-a0-430-g6609fc6 (webtiles) character file.

30 aronpayne the Skirmisher (level 3, 0/29 HPs)
             Began as a Demonspawn Berserker on May 26, 2018.
             Was a Follower of Trog.
             Slain by Sigmund
             ... wielding a +0 scythe
              (8 damage)
             ... on level 2 of the Dungeon.
             The game lasted 00:06:01 (1033 turns).

aronpayne the Skirmisher (Demonspawn Berserker)     Turns: 1033, Time: 00:06:01

Health: 0/29       AC: 12    Str: 18    XL:     3   Next: 3%
Magic:  3/3        EV: 12    Int:  8    God:    Trog [*.....]
Gold:   91         SH:  0    Dex: 12    Spells: 2/2 levels left

rFire    . . .     SeeInvis .   d - +2 short sword (protect)
rCold    . . .     Gourm    .   (no shield)
rNeg     . . .     Faith    .   k - +0 leather armour
rPois    .         Spirit   .   (no helmet)
rElec    .         Reflect  .   (no cloak)
rCorr    .         Harm     .   (no gloves)
MR       ++...                  (no boots)
Stlth    ++........             (no amulet)
HPRegen  1.09/turn              (no ring)
MPRegen  0.08/turn              (no ring)

@: protection aura, regenerating
A: yellow scales 1, nightstalker 1
a: Berserk, Renounce Religion


You were on level 2 of the Dungeon.
You worshipped Trog.
Trog was aware of your devotion.
You were very hungry.

You visited 1 branch of the dungeon, and saw 2 of its levels.

You collected 91 gold pieces.

Inventory:

Hand Weapons
 a - a +0 mace
 d - a +2 short sword of protection (weapon)
Armour
 k - a +0 leather armour (worn)
Scrolls
 e - 2 scrolls of teleportation
 g - a scroll of enchant armour {unknown}
 h - a scroll of amnesia {unknown}
 i - a scroll of random uselessness {unknown}
Potions
 f - a potion of curing {unknown}
 j - a potion of agility {unknown}
Comestibles
 b - 2 chunks of flesh
 c - 2 rations


   Skills:
 * Level 3.5 Fighting
 + Level 0.8 Short Blades
 - Level 2.6 Maces & Flails
 + Level 2.1 Armour
 + Level 2.1 Dodging


You had 2 spell levels left.
You didn't know any spells.
Your spell library was empty.

Dungeon Overview and Level Annotations

Branches:
Dungeon (2/15)

Altars:
Makhleb

Annotations:
D:2 Sigmund


Innate Abilities, Weirdness & Mutations

You are partially covered in yellow scales. (AC +2)
You are slightly more attuned to the shadows.


Message History

You barely miss something.
You hear some strange, mumbled words.
Something tries to affect you, but you resist.
You barely miss something. Something hits you.
* * * LOW HITPOINT WARNING * * *
You barely miss something. Something hits you but does no damage.
You closely miss something.
Your skin stops crawling.
You feel less resistant to hostile enchantments.
Your skin crawls.
You feel resistant to hostile enchantments.
You are feeling very hungry.
You can no longer call upon Trog for regeneration and magic resistance.
You hear some strange, mumbled words.
A puff of flame appears from out of thin air!
The puff of flame hits you!
You hit something.
Your weapon exudes an aura of protection.
Something hits you!
You die...

#### .# .
...##.###.####
.#......#....#
.#...........#
.##.#######..#
..........#..#
##...........#
#...####.##.######
##### #.......@{#
####.####.# #..
#.# ### #.# #.#
..# ###


There were no monsters in sight!

Vanquished Creatures
  A dart slug (D:2)
  A leopard gecko (D:1)
  3 bats
  2 giant cockroaches
  4 goblins (D:1)
  6 hobgoblins (D:1)
  2 kobolds (D:1)
  A frilled lizard (D:2)
  4 rats
24 creatures vanquished.

Notes
Turn   | Place    | Note
-------+----------+-------------------------------------------
     0 | D:1      | aronpayne the Demonspawn Berserker began the quest for the Orb.
     0 | D:1      | Reached XP level 1. HP: 18/18 MP: 1/1
   358 | D:1      | Gained mutation: You are slightly more attuned to the shadows. [demonic ancestry]
   358 | D:1      | Reached XP level 2. HP: 24/24 MP: 2/2
   896 | D:2      | Reached ** piety under Trog
   899 | D:2      | Found a burning altar of Makhleb.
   929 | D:2      | Gained mutation: You are partially covered in yellow scales. (AC +2) [demonic ancestry]
   929 | D:2      | Reached XP level 3. HP: 28/29 MP: 3/3
   993 | D:2      | Noticed Sigmund
  1033 | D:2      | Slain by Sigmund

Vault maps used:
D:1:      eino_arrival_cavern_a, st_stairs_11
D:2:      lemuel_round_altar, nemelex_diamond_rough_becter,
          uniq_crazy_yiuf_cottage, uniq_sigmund

Skill      XL: |  1  2 |
---------------+-------+-----
Armour         | 2 |  2.1
Dodging        | 2 |  2.1
Fighting       | |  3.5
Short Blades   | |  0.8
Maces & Flails | |  2.6

Action                   || total
-------------------------++-------
Melee: Short sword       ||    83
Invok: Trog's Hand       ||     2
  Use: Scroll            ||     2
 Stab: Sleeping          ||     5
Armor: Animal skin       ||    12
       Leather armour    ||     7
Dodge: Dodged            ||    39

Table legend:
 A = Spawn XP
 B = Non-spawn XP
 C = Spawn XP percentage of total XP
 D = Spawn monster count
 E = Non-spawn monster count
 F = Spawn count percentage of total count
 G = Total turns spent on level
                    A         B        C        D         E        F      G
               +---------+---------+-------+---------+---------+-------+---------
         Total |       0 |      43 |   0.0 |       0 |      24 |   0.0 |  1033
               +---------+---------+-------+---------+---------+-------+---------
           D:1 |       0 |      34 |   0.0 |       0 |      19 |   0.0 |   881
           D:2 |       0 |       9 |   0.0 |       0 |       5 |   0.0 |   152
               +---------+---------+-------+---------+---------+-------+---------
